 Dungeon Crawl Stone Soup version 0.29.1-14-g9c671dbff4 (webtiles) character file.

Game seed: 3845626829468449832

207 leafyfresh the Magician (level 6, -3/40 HPs)
             Began as a Djinni Ice Elementalist on Feb 18, 2023.
             Killed by miscasting Hailstorm (21 damage)
             ... on level 3 of the Dungeon.
             The game lasted 00:03:05 (3098 turns).

leafyfresh the Magician (Djinni Ice Elementalist)   Turns: 3098, Time: 00:03:05

Health: -3/40      AC:  3    Str:  7    XL:     6   Next: 10%
Gold:   102        EV: 13    Int: 19    God:
                   SH:  0    Dex: 13

rFire   + + .      SeeInvis .   l - +0 sling
rCold   x . .      Faith    .   (no shield)
rNeg    . . .      Spirit   .   a - +0 robe
rPois   ∞          Reflect  .   d - +0 helmet
rElec   .          Harm     .   (no cloak)
rCorr   .          Rampage  .   (no gloves)
Will    .....                   (boots unavailable)
Stlth   ++........              (no amulet)
HPRegen 0.13/turn               (no ring)
MPRegen 0.00/turn               (no ring)

@: flying, very slightly contaminated
A: sickness immunity, fire resistance 2, cold vulnerability 1, float, innate
caster, HP casting, extra vitality 1
a: no special abilities


You were on level 3 of the Dungeon.
You visited 1 branch of the dungeon, and saw 3 of its levels.

You collected 102 gold pieces.

Inventory:

Hand Weapons
 e - a +0 club
 l - a +0 sling (weapon)
Missiles
 k - 3 atropa-tipped darts
Armour
 a - a +0 robe (worn)
 d - a +0 helmet (worn)
Scrolls
 b - 2 scrolls of amnesia {unknown}
 c - a scroll of immolation {unknown}
 g - a scroll of enchant armour {unknown}
 i - a scroll of fear {unknown}
 j - a scroll of blinking {unknown}
 m - 2 scrolls of identify {unknown}
 n - a scroll of vulnerability {unknown}
 o - a scroll of silence {unknown}
Potions
 f - 2 potions of curing {unknown}
 h - a potion of brilliance {unknown}


   Skills:
 + Level 4.1 Dodging
 + Level 3.2 Stealth
 + Level 4.1 Spellcasting


You couldn't memorise any spells.
You knew the following spells:

 Your Spells              Type           Power      Damage    Failure   Level
a - Freeze                Ice            76%        1d9       2%          1
b - Frozen Ramparts       Ice            38%        1d6       8%          3
c - Ozocubu's Armour      Ice            19%        N/A       8%          3
d - Hailstorm             Conj/Ice       19%        3d6       26%         4
e - Magic Dart            Conj           76%        1d6       2%          1
f - Wereblood             Tmut           19%        N/A       3%          2
Your spell library was empty.

Dungeon Overview and Level Annotations

Branches:
Dungeon (3/15)

Altars:
Hepliaklqana
Makhleb

Shops:
D:2 (

Annotations:
D:3 Natasha


Innate Abilities, Weirdness & Mutations

You are immune to sickness and miasma.
You are immune to poison.
Your flesh is very heat resistant. (rF++)
You are vulnerable to cold. (rC-)
You float through the air rather than walking.
You learn spells naturally, not from books.
Your magical power is your life essence.
You have superior vitality. (+4 MHP)


Message History

You freeze Natasha.
Natasha is almost dead.
The wall freezes Natasha.
You kill Natasha!
You hear a faint echoing roar filled with hate and sorrow!
You have reached level 6!
Unknown command.
The frozen ramparts melt away.
Natasha, Servant of Life and Death comes into view.
You shoot a sling bullet.
Natasha hisses angrily.
The sling bullet hits Natasha.
Natasha is heavily wounded.
Natasha is nearby!
You shoot a sling bullet. The sling bullet hits Natasha.
Natasha is heavily wounded.
Natasha is nearby!
You shoot a sling bullet. The sling bullet hits Natasha.
Natasha is almost dead.
Natasha mumbles some strange words.
Casting: Freeze (safe; 2% risk of failure)
Confirm with . or Enter, or press ? or * to list all spells.
The spell is quite dangerous to miscast (26% risk of failure)!
Continue anyway?
Casting: Hailstorm (quite dangerous; 26% risk of failure)
Press: ? - help, Dir - look around, f - activate You miscast Hailstorm.
You are very lightly contaminated with residual magic.
Nothing appears to happen.
Natasha stares at you and mumbles some strange words.
The magic dart hits you.
Unknown command.
Unknown command.
Casting: Hailstorm (quite dangerous; 26% risk of failure)
Confirm with . or Enter, or press ? or * to list all spells.
The spell is quite dangerous to miscast (26% risk of failure)!
Continue anyway?
Casting: Hailstorm (quite dangerous; 26% risk of failure)
Press: ? - help, Dir - look around, f - activate You miscast Hailstorm.
Frost covers your body!!
You feel a terrible chill!
Ouch! That really hurt!
You die...

.. #....# #.....# #.#
##...# #...>.# #...#
#.....# ##.# #...###
###.....# ...# #...+.#
#.......# .#.## ##..#.#
#.....[.# .#..# #..#.#
#.......# .#..##
##.#.####†......# .#...#
..#...##.@.5.....#
.#._.#
..#...##......####
.#...##..#.#.##.h)...#
.#†.##..##.#.##......#
.#..#..##..#..#......#
#..##..##.###.'......#
...##..#..# ###........#
...#.†##.##............#
......†................#


You could see an iron imp (summoned) and Natasha.

Vanquished Creatures
  An ogre (D:3)
  Natasha (twice) (D:3)
  2 adders (D:3)
  A worm (D:2)
  An orc (D:3)
  2 ball pythons (D:2)
  4 endoplasms (D:2)
  4 giant cockroaches
  3 goblins
  3 hobgoblins
  4 jackals (D:1)
  3 quokkas
  5 bats
  3 frilled lizards
  5 kobolds
  5 rats
48 creatures vanquished.

Notes
Turn   | Place    | Note
-------+----------+-------------------------------------------
     0 | D:1      | leafyfresh the Djinni Ice Elementalist began the quest for
                  | the Orb.
     0 | D:1      | leafyfresh set off with the following spells memorised:
                  | Freeze, Frozen Ramparts, Ozocubu's Armour, Hailstorm.
     0 | D:1      | Reached XP level 1. HP: 15/15 MP: 0/0
   223 | D:1      | Reached XP level 2. HP: 8/21 MP: 0/0
   915 | D:1      | Found a faded altar of an unknown god.
  1063 | D:2      | Reached XP level 3. HP: 19/25 MP: 0/0
  1063 | D:2      | Learned a level 1 spell: Magic Dart
  1257 | D:2      | Found Cuxt's Weapon Shop.
  1933 | D:2      | Found a burning altar of Makhleb.
  2467 | D:3      | Found a burning altar of Makhleb.
  2471 | D:3      | Reached XP level 4. HP: 28/31 MP: 0/0
  2522 | D:3      | Noticed an ogre
  2534 | D:3      | Killed an ogre
  2535 | D:3      | Reached XP level 5. HP: 24/35 MP: 0/0
  2535 | D:3      | Learned a level 2 spell: Wereblood
  2836 | D:3      | Found a hazy altar of Hepliaklqana.
  2837 | D:3      | Noticed Natasha
  2843 | D:3      | Killed Natasha
  3054 | D:3      | Noticed Natasha
  3064 | D:3      | Killed Natasha
  3065 | D:3      | Reached XP level 6. HP: 26/40 MP: 0/0
  3093 | D:3      | Noticed Natasha
  3098 | D:3      | Killed by miscasting Hailstorm

Illustrated notes

Levels and vault maps discovered:
D:1:      dpeg_arrival_rooms_a, layout_rooms, dilly_ecumenical_altar_fadedgnrine
D:2:      layout_loops_corners, basic_altar, serial_shops,
          nicolae_shop_bloodbath_and_beyond
D:3:      layout_basic, nicolae_wu_jian_wuxing_cycle,
          mainiacjoe_overflow_catch_the_wave, ashenzari_conservatory_becter,
          uniq_grinder, uniq_natasha

Skill      XL: |  1  2  3  4  5 |
---------------+----------------+-----
Stealth        | 2 3 |  3.2
Dodging        | 3 4 |  4.1
Spellcasting   | 4 |  4.1

Action                   |  1- 3 |  4- 6 || total
-------------------------+-------+-------++-------
Melee: Unarmed           |     3 |       ||     3
       Club              |    14 |       ||    14
 Fire: Sling             |    60 |    42 ||   102
 Cast: Freeze            |    27 |     9 ||    36
       Frozen Ramparts   |     1 |     4 ||     5
       Magic Dart        |     1 |       ||     1
       Ozocubu's Armour  |       |     1 ||     1
 Stab: Sleeping          |     1 |       ||     1
Armor: Robe              |    28 |     4 ||    32
Dodge: Dodged            |    56 |    17 ||    73
